 Dungeon Crawl Stone Soup version 0.17.0-24-gcfadda4 (webtiles) character file.

1702 4thArraOfDagon the Insei (level 9, -13/52 HPs)
             Began as a Tengu Assassin on Nov 15, 2015.
             Was a Priest of Cheibriados.
             Mangled by herpmino's ghost (17 damage)
             ... in a bailey.
             The game lasted 00:21:04 (3373 turns).

4thArraOfDagon the Insei (Tengu Assassin)           Turns: 3373, Time: 00:21:04

Health: -13/52     AC:  9    Str: 19    XL:     9   Next: 3%
Magic:  12/12      EV: 16    Int: 26    God:    Cheibriados [***...]
Gold:   81         SH:  0    Dex: 31    Spells: 0 memorised, 8 levels left

rFire  . . .     SeeInvis .       - Unarmed
rCold  + . .     Clarity  .     l - +0 chain mail
rNeg   . . .     SustAt   .     w - +0 buckler
rPois  .         Gourm    .     (helmet restricted)
rElec  .         Spirit   .     d - +0 cloak
rCorr  .         Warding  .     (no gloves)
rMut   .         Stasis   .     (boots unavailable)
MR     .....                    (no amulet)
Stlth  ..........               y - +5 ring of intelligence
                                c - ring of protection from cold

@: confused, agile, lethally poisoned (-13 -> -18), very slightly contaminated,
invisible, very slow, not resistant to hostile enchantments, extremely
unstealthy
A: beak, talons 3, able to fly 1
a: Fly, Bend Time, Temporal Distortion, Renounce Religion


You were in a bailey.
You worshipped Cheibriados.
Cheibriados was most pleased with you.
You were very hungry.

You visited 1 branch of the dungeon, and saw 7 of its levels.
You also visited: Bailey.

You collected 235 gold pieces.
You spent 154 gold pieces at shops.

Inventory:

Hand Weapons
 a - a +2 dagger
 b - a +0 blowgun
 i - a -1 spear
Missiles
 u - 5 tomahawks (quivered)
Armour
 d - a +0 cloak (worn)
 l - a +0 chain mail (worn)
 w - a +0 buckler (worn)
Jewellery
 c - a ring of protection from cold (left hand)
 y - a +5 ring of intelligence (right hand)
Wands
 e - a wand of slowing (26)
 p - a wand of frost (22)
 q - a wand of teleportation (4)
 t - a wand of digging (8)
Scrolls
 s - 2 scrolls of blinking
 v - 2 scrolls of fear {unknown}
 x - a scroll of teleportation {unknown}
 A - a scroll of amnesia {unknown}
 B - a scroll of noise {unknown}
 C - a scroll of holy word {unknown}
 D - a scroll of magic mapping
 F - a scroll of enchant armour {unknown}
Potions
 f - 2 potions of invisibility
 o - a potion of cancellation
Comestibles
 g - 2 bread rations
 h - a beef jerky
 j - 6 chunks of flesh
 k - 5 meat rations


   Skills:
 + Level 4.1 Fighting
 - Level 2.1 Short Blades
 - Level 2.0 Throwing
 + Level 4.6 Dodging
 - Level 4.0 Stealth
 * Level 4.7 Shields
 * Level 7.4 Unarmed Combat
 + Level 3.9 Invocations


You had 8 spell levels left.
You didn't know any spells.

Dungeon Overview and Level Annotations

Branches:
Dungeon (7/15)             Temple (0/1) D:7

Altars:
Cheibriados
Elyvilon
Fedhas
Kikubaaqudgha
The Shining One

Shops:
D:4 (   D:6 ?

Annotations:
D:1 exclusion: gnoll
D:3 Blork the orc Bailey Sar's ghost, novice CeWz; herpmino's ghost, novice HOWr


Innate Abilities, Weirdness & Mutations

You have a beak for a mouth.
You have claws for feet.
You can fly.


Message History

Unknown command.
Unknown command.
Unknown command.
Unknown command.
Unknown command.
Unknown command.
Unknown command.
Unknown command.
Unknown command.
You choke on the stench!
You are more confused.
* * * LOW HITPOINT WARNING * * *
x2 You feel sick.
The orc shouts!
Sar's ghost gestures at you while chanting.
The ball explodes into a vile cloud!
The stinking cloud engulfs you!
The stinking cloud engulfs Sar's ghost.
The stinking cloud engulfs herpmino's ghost.
Herpmino's ghost hits you!
You die...

..≈≈.......≈≈≈.⌠.#
...o≈≈≈≈≈≈≈c.≈≈..#
.o≈≈≈.....≈≈≈.≈≈.#
.≈≈..≈≈≈≈≈..≈≈.≈.#
≈≈.≈≈≈...≈≈≈.≈)≈≈.
≈.≈≈..⌠.⌠(.≈.≈≈.≈.
≈.....§§§..≈..))≈.
≈.≈≈..§W§..≈.≈≈.≈.
≈≈.≈≈≈§@W§≈≈.≈)≈≈.
.≈≈..≈§§§≈..≈≈.≈.#
.)≈≈≈..§§§≈≈≈)≈≈.#
....≈≈≈≈≈≈≈).≈≈..#
..≈≈...o...≈≈≈.⌠.#
...≈≈≈≈≈≈≈≈≈o...##
............#####
##+##########


You could see a centaur, Sar's ghost (wandering), herpmino's ghost and 4 orcs.

Vanquished Creatures
  A hippogriff (D:7)
  2 phantoms
  3 centaurs
  4 ogres
  A scorpion (D:4)
  A crimson imp (D:6)
  3 hounds
  A centaur zombie (D:4)
  An iguana (D:5)
  2 orc priests (D:5)
  4 orc wizards
  6 worker ants
  A centaur skeleton (D:5)
  A giant frog skeleton (D:5)
  A worker ant zombie (D:5)
  4 gnolls
  6 adders
  2 oozes
  4 worms
  2 giant geckos
  19 orcs
  4 bats
  7 giant cockroaches
  4 goblins
  8 hobgoblins
  10 jackals
  A ball python (D:4)
  4 giant newts
  5 kobolds
  3 quokkas
  9 rats
124 creatures vanquished.

Notes
Turn   | Place    | Note
--------------------------------------------------------------
     0 | D:1      | 4thArraOfDagon the Tengu Assassin began the quest for the Orb.
     0 | D:1      | Reached XP level 1. HP: 12/12 MP: 2/2
    76 | D:1      | Found a snail-covered altar of Cheibriados.
    82 | D:1      | Became a worshipper of Cheibriados the Contemplative
    87 | D:1      | Reached skill level 1 in Unarmed Combat
   222 | D:1      | Reached XP level 2. HP: 15/17 MP: 3/3
   557 | D:1      | Reached * piety under Cheibriados
   668 | D:2      | Reached XP level 3. HP: 21/21 MP: 4/4
   860 | D:3      | Noticed Blork the orc
  1133 | D:3      | Noticed an ogre
  1138 | D:3      | Reached skill level 1 in Invocations
  1236 | D:1      | Reached XP level 4. HP: 20/27 MP: 5/5
  1260 | D:1      | Reached ** piety under Cheibriados
  1650 | D:2      | Gained mutation: You can fly. [Tengu growth]
  1650 | D:2      | Reached XP level 5. HP: 31/31 MP: 5/7
  1677 | D:4      | Noticed an ogre
  1683 | D:4      | Killed an ogre
  1740 | D:4      | Reached XP level 6. HP: 16/36 MP: 8/8
  1763 | D:4      | Found a white marble altar of Elyvilon.
  1823 | D:4      | Reached *** piety under Cheibriados
  1880 | D:4      | Found Tydiv's Antique Weapon Shoppe.
  1962 | D:4      | Reached skill level 1 in Shields
  2131 | D:4      | Found a snail-covered altar of Cheibriados.
  2139 | D:4      | Reached skill level 5 in Unarmed Combat
  2153 | D:4      | Reached XP level 7. HP: 32/41 MP: 7/9
  2192 | D:4      | Noticed a phantom
  2211 | D:4      | Killed a phantom
  2296 | D:5      | Entered Level 5 of the Dungeon
  2418 | D:5      | Cascading Celestial Giants
  2432 | D:5      | Found a blossoming altar of Fedhas.
  2569 | D:5      | Reached **** piety under Cheibriados
  2675 | D:5      | Reached XP level 8. HP: 39/46 MP: 11/11
  2685 | D:5      | Reached skill level 6 in Unarmed Combat
  2821 | D:6      | Found Tevavvoca's Magic Scroll Shop.
  2825 | D:6      | Bought a scroll of magic mapping for 49 gold pieces
  2825 | D:6      | Bought a scroll of magic mapping for 49 gold pieces
  2825 | D:6      | Bought a scroll of identify for 28 gold pieces
  2825 | D:6      | Bought a scroll of identify for 28 gold pieces
  3117 | D:6      | Found an ancient bone altar of Kikubaaqudgha.
  3222 | D:7      | Found a glowing golden altar of the Shining One.
  3327 | D:7      | Reached skill level 7 in Unarmed Combat
  3336 | D:7      | Found a flagged portal.
  3336 | D:7      | Found a staircase to the Ecumenical Temple.
  3345 | Bailey   | Entered a bailey
  3345 | Bailey   | Noticed Sar's ghost (novice CeWz)
  3347 | Bailey   | Reached XP level 9. HP: 47/52 MP: 12/12
  3356 | Bailey   | Noticed herpmino's ghost (novice HOWr)
  3373 | Bailey   | Mangled by herpmino's ghost

Action                   |  1- 3 |  4- 6 |  7- 9 || total
-------------------------+-------+-------+-------++-------
Melee: Spear             |    93 |       |       ||    93
       Dagger            |     4 |       |       ||     4
       Unarmed           |    17 |   162 |   148 ||   327
 Fire: Blowgun           |     7 |    14 |     2 ||    23
Throw: Javelin           |    13 |     5 |     4 ||    22
       Tomahawk          |       |     2 |     4 ||     6
Invok: Slouch            |       |       |     2 ||     2
 Abil: Fly               |       |     4 |    11 ||    15
Evoke: Wand              |     1 |       |     3 ||     4
  Use: Scroll            |     4 |     6 |     3 ||    13
       Potion            |     2 |       |     5 ||     7
 Stab: Sleeping          |     4 |     2 |       ||     6
       Invisible         |       |       |     1 ||     1
  Eat: Chunk             |       |     3 |     3 ||     6
